Map: Frozen Temple

Players

Pokebunny - Winner!

  • Race: Terran Terran
  • League: Master

KingRaze

  • Race: Terran Terran
  • League: Grandmaster

Event: Cheesadelphia Summer 2016

VOD

Have the link to the VOD?

Description

Time

  • Played on: July 24, 2016, 9:54 a.m.
  • Length: 4:49

All games in this series

Show
View Real Time Build Order
Export as new Build Order

Pokebunny Terran - Winner!

Build Orders: 1/1/1 

Get SALT Encoding   

  12  0:00  SCV  
  13  0:13  SCV  
  14  0:17  Supply Depot  
  14  0:25  SCV  
  15  0:30  Refinery  
  15  0:39  SCV  
  16  0:44  Barracks  
  16  0:51  SCV  
  17  0:57  Refinery  
  17  1:03  SCV  
  18  1:15  SCV  
  19  1:32  Orbital Command, Factory  
  19  1:36  Reaper  
  20  1:45  Supply Depot  
  20  1:57  SCV  
  21  2:08  Reaper  
  21  2:10  SCV  
  23  2:16  Hellion  
  23  2:17  Starport  
  25  2:25  SCV  
  25  2:26  Supply Depot  
  26  2:37  SCV  
  26  2:38  Hellion  
  26  2:40  Reaper  
  30  2:49  SCV  
  30  2:51  Supply Depot  
  31  2:57  Medivac  
  33  2:59  Hellion  
  35  3:11  SCV  
  36  3:14  Barracks Reactor  
  36  3:21  Factory Tech Lab  
  36  3:29  Viking  
  36  3:32  SCV  
  37  3:42  Siege Tank  
  37  3:44  SCV  
  41  3:52  Command Center  
  41  3:53  Marine  
  41  3:54  Marine  
  43  4:01  Viking  
  45  4:11  Marine  
  45  4:12  Marine  
  43  4:29  Marine  
  43  4:30  Marine  
  42  4:36  SCV  
Show
View Real Time Build Order
Export as new Build Order

KingRaze Terran 

Build Orders: 1/1/1 

Get SALT Encoding   

  12  0:00  SCV  
  13  0:13  SCV  
  14  0:18  Supply Depot  
  14  0:25  SCV  
  15  0:39  SCV  
  15  0:40  Barracks  
  16  0:46  Refinery  
  16  0:52  SCV  
  16  0:56  Refinery  
  17  1:04  SCV  
  18  1:16  SCV  
  19  1:27  Marine  
  19  1:29  Orbital Command  
  20  1:35  Factory  
  20  1:43  Supply Depot  
  20  1:48  Marine  
  22  1:54  SCV  
  22  2:06  SCV  
  22  2:07  Barracks Reactor  
  23  2:18  Hellion, SCV  
  23  2:20  Starport  
  26  2:26  Supply Depot  
  26  2:30  SCV  
  27  2:39  Factory Tech Lab  
  27  2:42  SCV  
  27  2:43  Marine x2  
  30  2:54  SCV  
  30  2:57  Medivac  
  33  2:59  Siege Tank  
  36  3:10  Marine x2  
  36  3:11  SCV  
  39  3:14  Supply Depot  
  39  3:20  Engineering Bay  
  38  3:33  Marine x2  
  39  3:42  Viking  
  41  3:51  Marine x2  
  41  3:54  Missile Turret  
  41  3:55  SCV  
  44  3:56  Supply Depot  
  44  4:03  Factory Tech Lab  
  44  4:09  Marine x2  
  40  4:17  SCV  
  28  4:29  SCV  
Tags
 
Add a new tag
Caveats
  • Supply blocks, unpowered buildings, or Contaminate may cause inaccurate times.
  • Supply counts are checked every 10 seconds.